 Dungeon Crawl Stone Soup version 0.16.0 (webtiles) character file.

11 Minkie the Charmwright (level 2, 22/24 HPs)
             Began as a Centaur Skald on Mar 21, 2015.
             Quit the game on level 1 of the Dungeon.
             The game lasted 00:01:42 (395 turns).

Minkie the Charmwright (Centaur Skald)               Turns: 395, Time: 00:01:42

Health: 22/24      AC:  4    Str: 14    XL:     2   Next: 17%
Magic:  2/3        EV:  9    Int: 11    God:
Gold:   35         SH:  0    Dex:  8    Spells: 1 memorised, 3 levels left

rFire  . . .     SeeInvis +     a - +0 spear
rCold  . . .     Clarity  .     b - +0 leather armour
rNeg   . . .     SustAb   .     (no shield)
rPois  .         Gourm    .     (no helmet)
rElec  .         Spirit   +     (no cloak)
rCorr  .         Warding  .     (no gloves)
rMut   .         Stasis   .     (no barding)
MR     .....                    k - amulet of guardian spirit
Stlth  ..........               (no ring)
                                l - ring of see invisible

@: very quick, not resistant to hostile enchantments, extremely unstealthy
A: hooves 3, deformed body, speed 2, tough skin 3
a: no special abilities


You were on level 1 of the Dungeon.
You were not hungry.

You visited 1 branch of the dungeon, and saw 1 of its levels.

You collected 35 gold pieces.

Inventory:

Hand weapons
 a - a +0 spear (weapon)
Armour
 b - a +0 leather armour (worn)
Jewellery
 k - an amulet of guardian spirit (around neck)
 l - a ring of see invisible (left hand)
Scrolls
 h - a scroll of random uselessness {unknown}
 i - a scroll of remove curse {unknown}
Potions
 e - a potion of might {unknown}
 g - a potion of magic {unknown}
 j - a potion of degeneration {unknown}
 m - a potion of lignification {unknown}
Books
 c - a book of Battle

   Spells                             Type                      Level
   a - Infusion                       Charms                       1
   b - Shroud of Golubria             Charms/Translocation         2
   c - Song of Slaying                Charms                       2
   d - Spectral Weapon                Hexes/Charms                 3
   e - Regeneration                   Charms/Necromancy            3
Comestibles
 d - 2 bread rations
 f - a beef jerky


   Skills:
 - Level 2.0 Fighting
 + Level 1.9 Polearms
 + Level 1.0 Armour
 + Level 1.2 Dodging
 - Level 1.5 Spellcasting
 - Level 2.6 Charms


You had 3 spell levels left.
You knew the following spells:

 Your Spells              Type           Power        Failure   Level  Hunger
a - Infusion              Chrm           #.....       14%         1    ##.....


Dungeon Overview and Level Annotations

Branches:
Dungeon (1/15)

Altars:


Innate Abilities, Weirdness & Mutations

You have hooves in place of feet.
Armour fits poorly on your strangely shaped body.
You cover ground very quickly.
You have extremely tough skin (AC +3).


Message History

No target in view!
No target in view!
A kobold comes into view. It is wielding a dagger.
The kobold shouts!
Found a twisted coral ring.
You closely miss the kobold. The kobold hits you but does no damage.
You hit the kobold but do no damage. The kobold hits you but does no damage.
You closely miss the kobold. The kobold hits you with a dagger.
You closely miss the kobold. You kick the kobold.
The kobold is moderately wounded.
The kobold hits you but does no damage.
You hit the kobold!
You kill the kobold!
No target in view!
No target in view!
l - a twisted coral ring
m - a fizzy grey potion Put on which piece of jewellery? (? for menu, Esc to quit)
l - a ring of see invisible (left hand) Are you sure you want to abandon this character and quit the game? (Confirm with "yes".)

# ######## #. #......# .###.#
#......# ......### #......#
........###......#####
#.........+..........# #@#
#......###.# #.###......# #
#..##..)...#
.......#####.##......# #
#..............#......#
####..≈≈≈≈.........#......###
.....≈≈≈≈≈≈.................#
.<>..≈≈≈≈≈≈.#.......#######.#
.....≈≈≈≈≈≈ #.......## .#


There were no monsters in sight!

Vanquished Creatures
  2 giant cockroaches (D:1)
  2 goblins (D:1)
  A bat (D:1)
  2 giant newts (D:1)
  3 kobolds (D:1)
  3 rats (D:1)
13 creatures vanquished.

Notes
Turn   | Place    | Note
--------------------------------------------------------------
     0 | D:1      | Minkie, the Centaur Skald, began the quest for the Orb.
     0 | D:1      | Reached XP level 1. HP: 17/17 MP: 2/2
   101 | D:1      | Reached skill level 1 in Dodging
   213 | D:1      | Reached XP level 2. HP: 24/24 MP: 3/3
   299 | D:1      | Reached skill level 1 in Armour
   395 | D:1      | Quit the game

Action                   || total
-------------------------++-------
Melee: Spear             ||    49
